 Dungeon Crawl Stone Soup version 0.30-a0-381-g6ea064c7b4 (webtiles) character file.

Game seed: 6241493270320149860

81 Raultor the Insei (level 4, 0/28 HPs)
             Began as an Octopode Transmuter on Dec 1, 2022.
             Slain by a gnoll
             ... wielding a +0 flail
              (6 damage)
             ... on level 3 of the Dungeon.
             The game lasted 00:04:33 (2253 turns).

Raultor the Insei (Octopode Transmuter)             Turns: 2253, Time: 00:04:34

Health: 0/28       AC:  1    Str:  9    XL:     4   Next: 42%
Magic:  4/7        EV: 13    Int: 17    God:
Gold:   115        SH:  0    Dex: 12    Spells: 4/7 levels left

rFire   . . .      SeeInvis .      - Unarmed
rCold   . . .      Faith    .    (no shield)
rNeg    + . .      Spirit   .    (helmet currently unavailable)
rPois   .          Reflect  .    (no amulet)
rElec   .          Harm     .    N - ring of positive energy
rCorr   .          Rampage  .    (no ring)
Will    .....                    (no ring)
Stlth   ++........               (no ring)
HPRegen 0.24/turn                (no ring)
MPRegen 0.10/turn                (no ring)
                                 (no ring)
                                 (no ring)

@: appendages, wereblooded
A: tentacle spike 3, almost no armour, amphibious, 8 rings, camouflage 1,
gelatinous body 1, (nimble swimmer 1), tentacles
a: End Transformation


You were on level 3 of the Dungeon.
One of your tentacles had grown a beastly spike.
You visited 1 branch of the dungeon, and saw 3 of its levels.

You collected 115 gold pieces.


Innate Abilities, Weirdness & Mutations

One of your tentacles has grown a beastly spike.
You cannot wear most types of armour.
You are amphibious.
You can wear up to eight rings at the same time.
Your skin changes colour to match your surroundings (Stealth+).
Your rubbery body absorbs attacks. (AC +1, EV +1)
((You are camouflaged when in or above water. (Stealth+)))
You have tentacles for arms and can constrict up to eight enemies at once.


   Skills:
 - Level 1.0 Fighting
 - Level 2.0 Dodging
 + Level 3.4 Unarmed Combat
 - Level 2.0 Spellcasting
 - Level 2.0 Translocations
 * Level 2.3 Transmutations
 * Level 2.3 Ice Magic


You had 4 spell levels left.
You knew the following spells:

 Your Spells              Type           Power      Damage    Failure   Level
b - Beastly Appendage     Tmut           18%        N/A       8%          1
w - Wereblood             Tmut           9%         N/A       12%         2

Your spell library contained the following spells:

 Spells                   Type           Power      Damage    Failure   Level
 Magic Dart               Conj           4%         1d3       19%         1
 Call Imp                 Summ           1%         N/A       28%         2
 Spider Form              Tmut/Pois      5%         N/A       36%         3
 Mephitic Cloud           Conj/Pois/Air  1%         N/A       50%         3
 Ice Form                 Ice/Tmut       9%         N/A       58%         4

Inventory:

Jewellery
 N - a ring of positive energy (left tentacle)
Scrolls
 b - a scroll of brand weapon {unknown}
 c - a scroll of summoning {unknown}
 d - a scroll of magic mapping {unknown}
 e - 4 scrolls of identify {unknown}
 j - 3 scrolls of enchant armour {unknown}
 n - a scroll of blinking {unknown}
Potions
 a - 2 potions of lignification
 f - 2 potions of ambrosia {unknown}
 g - a potion of magic {unknown}
 h - 3 potions of heal wounds {unknown}
 i - a potion of resistance {unknown}
 k - a potion of curing {unknown}
 l - 2 potions of might {unknown}
 m - a potion of haste {unknown}

Dungeon Overview and Level Annotations

Branches:
Dungeon (3/15)

Altars:
Cheibriados

......................#
........#......⚑......#
........##............#
........##............#
#▒▒▒.....▒▒▒.# ▒.....▒
▒.#### ▒.....▒▒▒.....
########.......##
.?..ggg@.......#
########.......#
#.......# ......
#######.# ...... #.##
...... #..##......
##..#......
####.#......
#...........


You could see 3 gnolls.


Message History

There is an open door here.
Casting: Beastly Appendage (safe; 8% risk of failure)
Confirm with . or Enter, or press ? or * to list all spells.
One of your tentacles grows a vicious spike.
Casting: Beastly Appendage (safe; 8% risk of failure)
Confirm with . or Enter, or press ? or * to list all spells.
Your blood is infused with primal strength.
The gnoll throws a throwing net.
The throwing net hits you.
You become entangled in the net!
You struggle against the net.
A gnoll comes into view. It is wielding a +0 halberd.
You tear a large gash into the net.
You rip the net and break free!
You closely miss the gnoll. Your grab misses the gnoll.
The gnoll hits you with a +0 flail!
You tentacle-slap the gnoll. You grab the gnoll.
The gnoll is lightly wounded.
You constrict the gnoll. The gnoll hits you with a +0 flail.
* * * LOW HITPOINT WARNING * * *
You are too injured to fight recklessly!
You are too injured to fight recklessly!
You tentacle-slap the gnoll.
You pierce the gnoll, but do no damage.
The gnoll is heavily wounded.
You constrict the gnoll, but do no damage.
The gnoll hits you with a +0 flail!
* * * LOW HITPOINT WARNING * * *
You tentacle-slap the gnoll.
You pierce the gnoll.
The gnoll is almost dead.
You constrict the gnoll. The gnoll hits you with a +0 flail.
You die...

Skill      XL: |  1  2  3 |
---------------+----------+-----
Ice Magic      | 1 2 |  2.3
Translocations | 1 2 |  2.0
Fighting       | |  1.0
Dodging        | |  2.0
Unarmed Combat | |  3.4
Spellcasting   | |  2.0
Transmutations | |  2.3

Action                   |  1- 3 |  4- 6 || total
-------------------------+-------+-------++-------
Melee: Unarmed           |    77 |    14 ||    91
       Constrict         |    22 |     3 ||    25
       Kick              |    12 |     4 ||    16
       Tentacles         |    19 |     2 ||    21
       Punch             |     1 |       ||     1
 Cast: Beastly Appendage |     8 |     3 ||    11
       Wereblood         |     1 |     1 ||     2
 Stab: Sleeping          |     7 |       ||     7
Armor: Skin              |     4 |       ||     4
Dodge: Dodged            |    38 |     3 ||    41

Levels and vault maps discovered:
D:1:      matt_arrival_los_fun, layout_loops_corners,
          hellmonk_ecumenical_altar_arch_garden
D:2:      layout_basic
D:3:      mumra_celtic_spiral_tile, layout_basic, slow_altar_1,
          lemuel_tele_altar, marbit_many_paths, uniq_crazy_yiuf_cottage

Notes
Turn   | Place    | Note
-------+----------+-------------------------------------------
     0 | D:1      | Raultor the Octopode Transmuter began the quest for the
                  | Orb.
     0 | D:1      | Reached XP level 1. HP: 13/13 MP: 3/3
   231 | D:1      | Reached XP level 2. HP: 18/18 MP: 3/5
   256 | D:1      | Learned a level 2 spell: Wereblood
   427 | D:1      | Reached skill level 1 in Ice Magic
   430 | D:1      | Reached skill level 1 in Translocations
   435 | D:1      | Found a faded altar of an unknown god.
  1187 | D:2      | Reached XP level 3. HP: 23/23 MP: 6/6
  1626 | D:2      | Reached skill level 2 in Ice Magic
  2060 | D:3      | Reached skill level 2 in Translocations
  2139 | D:3      | Reached XP level 4. HP: 27/28 MP: 7/7
  2143 | D:3      | Found a snail-covered altar of Cheibriados.
  2253 | D:3      | Slain by a gnoll

Vanquished Creatures
  A mummy (D:3)
  3 adders
  A worm (D:3)
  A dart slug (D:2)
  5 ball pythons (D:1)
  4 endoplasms
  A giant cockroach (D:1)
  3 goblins
  2 hobgoblins (D:2)
  4 jackals (D:2)
  2 quokkas
  A bat (D:2)
  A frilled lizard (D:2)
  5 kobolds
  3 rats
37 creatures vanquished.

Table legend: (Time is in decaauts)
 A = Elapsed time spent in this place.
 B = Non-inter-level travel time spent in this place.
 C = Inter-level travel time spent in this place.
 D = Time resting spent in this place.
 E = Time spent auto-exploring this place.
 F = Levels seen in this place.
 G = Mean time per level.
                   A        B        C        D        E       F      G
               +--------+--------+--------+--------+--------+-----+--------+
         Total |   2246 |   2161 |     85 |      0 |   1870 |   3 |  748.7 |
       Dungeon |   2246 |   2161 |     85 |      0 |   1870 |   3 |  748.7 |
               +--------+--------+--------+--------+--------+-----+--------+

Top non-repeatable levels by time:
     D:1: 1147 daAuts
     D:2: 897 daAuts
     D:3: 202 daAuts

Table legend:
 A = Non-vault XP
 B = Vault XP
 C = Vault XP percentage of total XP
 D = Non-vault monster count
 E = Vault monster count
 F = Vault count percentage of total count
                 A         B        C        D         E       F
            +---------+---------+-------+---------+---------+-------
      Total |      99 |      18 |  15.4 |      36 |       1 |   2.7
            +---------+---------+-------+---------+---------+-------
        D:1 |      19 |       0 |   0.0 |      12 |       0 |   0.0
        D:2 |      55 |       0 |   0.0 |      18 |       0 |   0.0
        D:3 |      25 |      18 |  41.9 |       6 |       1 |  14.3
            +---------+---------+-------+---------+---------+-------
